[Event "*** Titled Tuesday Blitz"]
[Site "Chess.com"]
[Date "2021.02.09"]
[Round "3"]
[White "Iskusnyh"]
[Black "LogoCzar"]
[Result "1-0"]
[WhiteElo "2586"]
[BlackElo "2398"]
[TimeControl "180+1"]
[EndTime "10:24:15 PST"]
[Termination "Iskusnyh won by resignation"]

1. d4 d5 2. c4 c6 3. Nf3 e6 4.
b3 Nd7 5. g3 Bd6 6. Bg2 f5 7.
O-O Ngf6 8. Ba3 Bxa3 9. Nxa3 O-O 10. Qc1 b6 11. cxd5 cxd5 12. Qc6 Qe7 13. Qxa8 Qxa3 14.
Qc6 Ba6 15. Qxe6+ Kh8 16. Ne5 Nxe5 17. dxe5 1-0

[Event "*** Titled Tuesday Blitz"]
[Site "Chess.com"]
[Date "2021.02.09"]
[Round "3"]
[White "volkanyirik"]
[Black "OhanyanEminChess"]
[Result "0-1"]
[WhiteElo "2415"]
[BlackElo "2626"]
[TimeControl "180+1"]
[EndTime "10:24:27 PST"]
[Termination "OhanyanEminChess won by resignation"]

1. e4 e5 2. Nf3 Nc6 3. Nc3 Nf6 4. d4 exd4 5. Nxd4 Nxe4 6. Nxc6 Nxc3 7. bxc3 dxc6 8. Bd3 Be6 9. O-O Be7 10. f4 O-O 11. f5 Bd5 12. c4 Bf6 13. Rb1 b6 14. cxd5 cxd5 15. c4 c5 16. cxd5 Qxd5 17. Qb3 Qd4+ 18. Kh1 Rad8 19. Bc4 Qe4 20. Bb2 Rd2 21. Rg1 Rxg2 22.
Bd5 Rxg1+ 23. Kxg1 Qxb1+ 24. Kg2 Qxb2+ 0-1

[Event "*** Titled Tuesday Blitz"]
[Site "Chess.com"]
[Date "2021.02.09"]
[Round "3"]
[White "XDPS"]
[Black "ridnani2021"]
[Result "1-0"]
[WhiteElo "2733"]
[BlackElo "2354"]
[TimeControl "180+1"]
[EndTime "10:24:33 PST"]
[Termination "XDPS won by checkmate"]

1. e4 c5 2. Nf3 d6 3. d4 cxd4 4. Nxd4 Nf6 5. Nc3 a6 6. Be2 e5 7. Nf3 Be7 8. Bg5 Be6 9. Bxf6 Bxf6 10. O-O O-O 11. Nd5 Nd7 12. Bc4 Bxd5 13. Bxd5 Qc7 14.
c3 Rac8 15. Qe2 b5 16. Rfd1 Nb6 17. Rd3 Qe7 18. Rad1 Rfd8 19. Nd2 Bg5 20. Nf1 Qc7 21. Qh5 Bh6 22. Bb3 a5 23. a3 Qe7 24. Rf3 Nc4 25.
Bxc4 Rxc4 26. Ng3 Qg5 27. Qxf7+ Kh8 28. Qf8+ Rxf8 29. Rxf8# 1-0

[Event "*** Titled Tuesday Blitz"]
[Site "Chess.com"]
[Date "2021.02.09"]
[Round "3"]
[White "vladgoncharov"]
[Black "Dii210"]
[Result "0-1"]
[WhiteElo "2484"]
[BlackElo "2289"]
[TimeControl "180+1"]
[EndTime "10:24:40 PST"]
[Termination "Dii210 won by resignation"]

1. e4 c5 2. Nf3 e6 3. d4 cxd4 4. Nxd4 Nc6 5. Nxc6 bxc6 6. Bd3 Nf6 7. O-O Qc7 8. c4 e5 9. Bg5 Bc5 10. Bxf6 gxf6 11. Nd2 d6 12. Qh5 Be6 13. Rab1 a5 14.
Be2 Ke7 15. Bg4 Qd7 16. Bxe6 Qxe6 17. b3 Rag8 18. Nf3 Qg4 19. Qxg4 Rxg4 20. Rfe1 Rb8 21. g3 Ke6 22. h3 Rxg3+ 0-1

[Event "*** Titled Tuesday Blitz"]
[Site "Chess.com"]
[Date "2021.02.09"]
[Round "3"]
[White "SmirnovAlexandrA"]
[Black "eljanov"]
[Result "0-1"]
[WhiteElo "2256"]
[BlackElo "2917"]
[TimeControl "180+1"]
[EndTime "10:25:08 PST"]
[Termination "eljanov won by resignation"]

1. e4 c6 2. d4 d5 3. e5 Bf5 4. Nf3 e6 5. Be2 Ne7 6. O-O c5 7. Be3 Nd7 8. Nh4 cxd4 9. Bxd4 Bg6 10. Nxg6 hxg6 11. f4 Nf5 12. Bf2 Bc5 13. Nc3 Ne3 14. Bxe3 Bxe3+ 15. Rf2 Rxh2 16. Qd3 Qh4 0-1

[Event "*** Titled Tuesday Blitz"]
[Site "Chess.com"]
[Date "2021.02.09"]
[Round "3"]
[White "nrvisakh"]
[Black "TomasKapitanchuk"]
[Result "1-0"]
[WhiteElo "2753"]
[BlackElo "2499"]
[TimeControl "180+1"]
[EndTime "10:25:16 PST"]
[Termination "nrvisakh won by resignation"]

1. Nf3 Nf6 2. g3 b5 3. Bg2 Bb7 4. Na3 a6 5. c4 c6 6. O-O g6 7. Re1 Bg7 8. e4 d6 9. d4 Nfd7 10. e5 dxe5 11. dxe5 O-O 12. e6 fxe6 13. Ng5 Nc5 14.
Be3 Nbd7 15. b4 Bxa1 16. Qxa1 Nd3 17. Nxe6 1-0

[Event "*** Titled Tuesday Blitz"]
[Site "Chess.com"]
[Date "2021.02.09"]
[Round "3"]
[White "Evachess2006"]
[Black "dropstoneDP"]
[Result "0-1"]
[WhiteElo "1625"]
[BlackElo "2966"]
[TimeControl "180+1"]
[EndTime "10:25:35 PST"]
[Termination "dropstoneDP won by resignation"]

1. e4 e5 2. Nf3 Nc6 3. Bc4 Nf6 4. d3 Bc5 5. c3 d6 6. d4 exd4 7. cxd4 Bb4+ 8. Bd2 Nxe4 9. Qe2 d5 10. Bd3 O-O 11.
Bxb4 Nxb4 12. O-O Bf5 13. Na3 Nxd3 14. Qxd3 Ng3 15. Qd1 Nxf1 16. Qxf1 c6 17. Re1 Re8 18.
Rxe8+ Qxe8 0-1

[Event "*** Titled Tuesday Blitz"]
[Site "Chess.com"]
[Date "2021.02.09"]
[Round "3"]
[White "TokChess"]
[Black "SophieNikoladze"]
[Result "1-0"]
[WhiteElo "2403"]
[BlackElo "2193"]
[TimeControl "180+1"]
[EndTime "10:25:45 PST"]
[Termination "TokChess won on time"]

1. e4 d6 2. Nc3 Nf6 3. a4 e5 4. a5 Be7 5. Nf3 O-O 6. d4 exd4 7. Nxd4 Nc6 8. a6 Nxd4 9. Qxd4 bxa6 10. Bxa6 Bxa6 11. Rxa6 c5 12. Qd3 Ng4 13. Bf4 1-0

[Event "*** Titled Tuesday Blitz"]
[Site "Chess.com"]
[Date "2021.02.09"]
[Round "3"]
[White "vladimirdamjanovic"]
[Black "Chuchofrio1"]
[Result "1-0"]
[WhiteElo "2519"]
[BlackElo "2296"]
[TimeControl "180+1"]
[EndTime "10:25:52 PST"]
[Termination "vladimirdamjanovic won by resignation"]

1. d4 Nf6 2. Nc3 g6 3. e4 Bg7 4. e5 Ng8 5. Bc4 d6 6. Nf3 e6 7. Bg5 Ne7 8. Ne4 d5 9. Nf6+ Bxf6 10. Bxf6 Rg8 11. Bd3 Nbc6 12. Qd2 b6 13. c3 a5 14. Bb5 Bd7 15. a4 Na7 16. Bd3 Qc8 17. Qh6 Nf5 18. Qxh7 Kf8 19. Ng5 Be8 20. Bxf5 exf5 21.
Qh6+ 1-0

[Event "*** Titled Tuesday Blitz"]
[Site "Chess.com"]
[Date "2021.02.09"]
[Round "3"]
[White "soumeow"]
[Black "Flopezin"]
[Result "1-0"]
[WhiteElo "2227"]
[BlackElo "2389"]
[TimeControl "180+1"]
[EndTime "10:26:04 PST"]
[Termination "soumeow won by resignation"]

1. d4 Nf6 2. c4 e6 3. Nf3 c5 4. d5 d6 5. Nc3 exd5 6. cxd5 g6 7. e4 Bg7 8. h3 O-O 9. Bd3 Na6 10. O-O Nc7 11. Re1 b6 12. a4 Ba6 13.
Nb5 Bxb5 14. axb5 a6 15. bxa6 b5 16. Bf4 c4 17. Bc2 Rxa6 18. Rxa6 Nxa6 19. Nd4 Qb6 20. Nc6 Qc5 21. Be3 1-0

[Event "*** Titled Tuesday Blitz"]
[Site "Chess.com"]
[Date "2021.02.09"]
[Round "3"]
[White "zurzan"]
[Black "VFernandezB"]
[Result "0-1"]
[WhiteElo "1999"]
[BlackElo "2295"]
[TimeControl "180+1"]
[EndTime "10:26:07 PST"]
[Termination "VFernandezB won by resignation"]

1. f4 Nf6 2. Nf3 g6 3. g3 Bg7 4. Bg2 d5 5. O-O O-O 6. d3 c5 7. c3 Nc6 8. Qc2 e5 9. fxe5 Ng4 10. d4 Bf5 11. Qa4 cxd4 12. cxd4 Qb6 13. h3 Ngxe5 14.
Nxe5 Bxe5 15. e3 Bxg3 16. Nc3 Nb4 17. a3 Nd3 18. Nxd5 Qe6 19. Nc7 Bxc7 20. Bxb7 Bxh3 21. Bxa8 Qg4+ 22. Kh1 Rxa8 23. Qc6 Nf2+ 24. Rxf2 Qd1+ 0-1

[Event "*** Titled Tuesday Blitz"]
[Site "Chess.com"]
[Date "2021.02.09"]
[Round "3"]
[White "kikydu96"]
[Black "DrVelja"]
[Result "0-1"]
[WhiteElo "2607"]
[BlackElo "2833"]
[TimeControl "180+1"]
[EndTime "10:26:12 PST"]
[Termination "DrVelja won by resignation"]

1. e4 c6 2. d4 d5 3. Nc3 dxe4 4.
Nxe4 Nf6 5. Nxf6+ exf6 6. c3 Bd6 7. Bd3 O-O 8. Qc2 Re8+ 9. Ne2 h5 10. Be3 Nd7 11. O-O-O b5 12. Ng3 h4 13. Nf5 Bf8 14. Nxh4 Nb6 15. Nf5 Qd5 16. Kb1 Be6 17. b3 a5 18. Be4 Qd7 19. g4 a4 20. d5 axb3 21.
axb3 Nxd5 22. c4 bxc4 23. Bxd5 Bxd5 24. g5 Qb7 25. Qc3 Be4+ 0-1

[Event "*** Titled Tuesday Blitz"]
[Site "Chess.com"]
[Date "2021.02.09"]
[Round "3"]
[White "Savagelittlemole"]
[Black "ChessWarrior3"]
[Result "1-0"]
[WhiteElo "2401"]
[BlackElo "2113"]
[TimeControl "180+1"]
[EndTime "10:26:17 PST"]
[Termination "Savagelittlemole won by resignation"]

1. e4 c5 2. Ne2 e5 3. g3 Nc6 4. Bg2 d6 5. O-O Be6 6. d3 g6 7. f4 Bg7 8. Nbc3 Nge7 9. Be3 Nd4 10. Kh1 O-O 11. Qd2 Rb8 12. Nd1 f5 13. c3 Ndc6 14. fxe5 Nxe5 15. Nf4 Bf7 16. Nf2 fxe4 17. Nxe4 Nf5 18. Bg1 b5 19. Rae1 Qa5 20. Ng5 Bxa2 21. Ra1 Qa4 22. Rxa2 1-0

[Event "*** Titled Tuesday Blitz"]
[Site "Chess.com"]
[Date "2021.02.09"]
[Round "3"]
[White "yoelpolanco"]
[Black "mr_gustavo"]
[Result "0-1"]
[WhiteElo "2207"]
[BlackElo "2415"]
[TimeControl "180+1"]
[EndTime "10:26:20 PST"]
[Termination "mr_gustavo won by resignation"]

1. d4 Nf6 2. c4 g6 3. Nc3 Bg7 4. e4 d6 5. Nf3 O-O 6. h3 e5 7. d5 Nh5 8. g3 f5 9. exf5 gxf5 10. Be3 f4 11. gxf4 Nxf4 12. Qd2 Bf5 13. O-O-O Nd7 14. Rg1 Kh8 15. h4 Qf6 16. Ng5 Nc5 17. Bxc5 dxc5 18. Nce4 Qa6 19. Ne6 Nxe6 20. dxe6 Bxe4 21. Qd7 Bh6+ 22.
Rg5 Bxg5+ 23. hxg5 Qxa2 24. Bd3 Rxf2 0-1

[Event "*** Titled Tuesday Blitz"]
[Site "Chess.com"]
[Date "2021.02.09"]
[Round "3"]
[White "dusanako"]
[Black "Ekose"]
[Result "0-1"]
[WhiteElo "2410"]
[BlackElo "2604"]
[TimeControl "180+1"]
[EndTime "10:26:24 PST"]
[Termination "Ekose won by resignation"]

1. d4 Nf6 2. c4 e6 3. Nf3 d5 4. Nc3 Bb4 5. Qa4+ Nc6 6. e3 O-O 7. Bd2 Bd7 8. Qc2 Bxc3 9. Bxc3 a6 10. cxd5 exd5 11. Bd3 h6 12. O-O Re8 13. Rfc1 Na7 14.
Ba5 b6 15. Be1 c6 16. Bxa6 b5 17. Ne5 Qb6 18. a4 Qxa6 19. axb5 Qxb5 20. Ra5 Qb7 21. Rca1 Nb5 22. Qc5 Rxa5 23. Rxa5 Ra8 0-1

[Event "*** Titled Tuesday Blitz"]
[Site "Chess.com"]
[Date "2021.02.09"]
[Round "3"]
[White "ural58"]
[Black "zimmm36"]
[Result "1-0"]
[WhiteElo "2481"]
[BlackElo "2197"]
[TimeControl "180+1"]
[EndTime "10:26:24 PST"]
[Termination "ural58 won by resignation"]

1. e4 e5 2. f4 d5 3. exd5 exf4 4. Nf3 Nf6 5. Bb5+ c6 6. dxc6 Nxc6 7. Nc3 Bd6 8. Qe2+ Be6 9. Nd4 Qd7 10. Bxc6 bxc6 11. Nxe6 Qxe6 12. d4 Nd5 13. Qxe6+ fxe6 14. Ne4 Kd7 15. c4 Ne3 16. Bxe3 fxe3 17. Ke2 Rab8 18. b3 a5 19. Rhf1 Rhf8 20. Rxf8 Rxf8 21. Nxd6 Kxd6 22. Kxe3 a4 23. b4 e5 24. dxe5+ Kxe5 25. Rd1 a3 26. Rd3 Rb8 27. Rb3 g5 28. Kd3 g4 29. g3 h5 30.
Kc3 Rf8 31. b5 cxb5 32. Rxb5+ Ke4 33. Rxh5 Rf2 34. Kb3 Rxh2 35. Rxh2 1-0

[Event "*** Titled Tuesday Blitz"]
[Site "Chess.com"]
[Date "2021.02.09"]
[Round "3"]
[White "Gabrielian_Artur"]
[Black "GianmarcoVaR"]
[Result "1-0"]
[WhiteElo "2797"]
[BlackElo "2591"]
[TimeControl "180+1"]
[EndTime "10:26:27 PST"]
[Termination "Gabrielian_Artur won by resignation"]

1. c4 e5 2. Nc3 Nf6 3. d3 c6 4. Nf3 Bd6 5. g4 Bc7 6. g5 Nh5 7. e3 d6 8. Be2 g6 9. Rg1 Be6 10. d4 O-O 11. d5 Bf5 12. Nh4 Ng7 13. Nxf5 Nxf5 14. Ne4 Ba5+ 15. Kf1 Kg7 16. Bg4 Qc7 17. Bxf5 gxf5 18. Nf6 Rh8 19. Qh5 Kf8 20. g6 fxg6 21. Rxg6 Qf7 22. Qh6+ Ke7 23. Rg7 1-0

[Event "*** Titled Tuesday Blitz"]
[Site "Chess.com"]
[Date "2021.02.09"]
[Round "3"]
[White "12teen"]
[Black "DenishevM"]
[Result "1-0"]
[WhiteElo "2819"]
[BlackElo "2593"]
[TimeControl "180+1"]
[EndTime "10:26:28 PST"]
[Termination "12teen won by resignation"]

1. g3 d5 2. Bg2 Nf6 3. d3 c6 4. Nc3 h6 5. Bd2 Bf5 6. e4 Bg6 7. e5 Nfd7 8. f4 e6 9. Nf3 c5 10. O-O Nc6 11. Ne2 d4 12. h3 Nb6 13. g4 Nd5 14. Ng3 Bh7 15. Qe2 Be7 16. f5 Qd7 17. a3 O-O-O 18. b4 exf5 19. gxf5 Bxf5 20. Nxf5 Qxf5 21. Ng5 Qxe5 22. Qg4+ Kb8 23. Nxf7 h5 24. Qg6 Ne3 25. Nxe5 1-0

[Event "*** Titled Tuesday Blitz"]
[Site "Chess.com"]
[Date "2021.02.09"]
[Round "3"]
[White "Fischerev7"]
[Black "CraiggoryC"]
[Result "1-0"]
[WhiteElo "2396"]
[BlackElo "2191"]
[TimeControl "180+1"]
[EndTime "10:26:35 PST"]
[Termination "Fischerev7 won by resignation"]

1. e4 e6 2. d4 d5 3. Nc3 Bb4 4. Ne2 dxe4 5. a3 Be7 6. Nxe4 Nf6 7. Nxf6+ Bxf6 8. Be3 c5 9. c3 cxd4 10. Bxd4 Nc6 11. Bxf6 Qxf6 12. Ng3 O-O 13. Bd3 e5 14. O-O Be6 15. Qe2 Rfe8 16. Rfe1 Rad8 17. Rad1 Qh6 18. Nf5 Bxf5 19. Bxf5 Rxd1 20. Rxd1 Qf4 21. Bd7 Rd8 22.
Bxc6 Rxd1+ 23. Qxd1 1-0

[Event "*** Titled Tuesday Blitz"]
[Site "Chess.com"]
[Date "2021.02.09"]
[Round "3"]
[White "krzyzan94"]
[Black "Alohamora11"]
[Result "1-0"]
[WhiteElo "2694"]
[BlackElo "2474"]
[TimeControl "180+1"]
[EndTime "10:26:36 PST"]
[Termination "krzyzan94 won by resignation"]

1. c4 c5 2. Nf3 g6 3. h4 h6 4. Nc3 Bg7 5. e4 Nc6 6. d3 e6 7. Be3 d6 8. Qd2 Nge7 9. Be2 b6 10.
d4 cxd4 11. Nxd4 Nxd4 12. Bxd4 O-O 13. Bxg7 Kxg7 14. O-O-O d5 15. exd5 exd5 16. cxd5 Nf5 17. h5 g5 18. d6 Bb7 19. Bg4 Qf6 20. Bxf5 Qxf5 21. Qd4+ Kg8 22. f3 Rac8 23. Rhe1 Rfd8 24. Re5 Qh7 25. Re7 Ba6 26. Rde1 Bb5 27. d7 Rb8 28.
Nxb5 a6 29. Re8+ 1-0

[Event "*** Titled Tuesday Blitz"]
[Site "Chess.com"]
[Date "2021.02.09"]
[Round "3"]
[White "GMJustin"]
[Black "goldihouse"]
[Result "0-1"]
[WhiteElo "2292"]
[BlackElo "2517"]
[TimeControl "180+1"]
[EndTime "10:26:41 PST"]
[Termination "goldihouse won on time"]

1. d4 Nf6 2. Nc3 e6 3. Bg5 d5 4. e4 dxe4 5. Nxe4 Be7 6. Nxf6+ Bxf6 7. Bxf6 Qxf6 8. Nf3 O-O 9. Bd3 c5 10. c3 cxd4 11. Nxd4 e5 12. Nb5 Nc6 13. Nc7 Rb8 14. Nd5 Qh6 15. O-O Be6 16. Nc7 Bc8 17. Be4 Rd8 18. Qb3 Qd6 19. Nb5 Qc5 20. a4 Be6 21. Qc2 g6 22. Nc7 Bc4 23. Rfd1 Rbc8 24. b4 Qe7 25.
Nd5 Bxd5 26. Rxd5 Rxd5 27. Bxd5 Nxb4 28. Qb3 Nxd5 29. Qxd5 Rxc3 30. Re1 Rc5 0-1

[Event "*** Titled Tuesday Blitz"]
[Site "Chess.com"]
[Date "2021.02.09"]
[Round "3"]
[White "Margency"]
[Black "GOGIEFF"]
[Result "0-1"]
[WhiteElo "2653"]
[BlackElo "2902"]
[TimeControl "180+1"]
[EndTime "10:26:46 PST"]
[Termination "GOGIEFF won by resignation"]

1. e4 c5 2. Nf3 d6 3. d4 cxd4 4. Nxd4 Nf6 5. Nc3 a6 6. Be3 e6 7. f3 h5 8. Qd2 Nbd7 9. O-O-O b5 10. Kb1 Bb7 11. Bd3 Rc8 12. h3 h4 13. Rhe1 Be7 14.
f4 b4 15. Nd5 exd5 16. exd5 Nxd5 17. Nf5 O-O 18. Bd4 Bf6 19. Be4 Nc3+ 20. bxc3 bxc3 21. Qd3 Nc5 22. Bxc5 Rxc5 23. Ka1 d5 24. Bf3 Ra5 25. Rb1 Rxa2+ 26. Kxa2 Qa5+ 27. Kb3 Rb8 0-1

[Event "*** Titled Tuesday Blitz"]
[Site "Chess.com"]
[Date "2021.02.09"]
[Round "3"]
[White "Alindsay211"]
[Black "BahadirOzen"]
[Result "1/2-1/2"]
[WhiteElo "2397"]
[BlackElo "2723"]
[TimeControl "180+1"]
[EndTime "10:26:49 PST"]
[Termination "Game drawn by agreement"]

1. d4 d6 2. Bf4 g6 3. Nc3 Bg7 4. e4 a6 5. Qd2 Nd7 6. f3 b5 7.
a3 Bb7 8. Nge2 h6 9. O-O-O Nb6 10. Kb1 e6 11. Nc1 Nf6 12. h4 Qe7 13. g4 Nfd7 14.
Nb3 Rd8 15. Bd3 c5 16. dxc5 dxc5 17. Na5 Ba8 18. Be2 Bd4 19. Be3 Ne5 20. Bxd4 cxd4 21.
Qf4 f6 22. Na2 Kf7 23. g5 1/2-1/2

[Event "*** Titled Tuesday Blitz"]
[Site "Chess.com"]
[Date "2021.02.09"]
[Round "3"]
[White "Stormeman100100"]
[Black "MartinMatthiesen"]
[Result "0-1"]
[WhiteElo "2541"]
[BlackElo "2392"]
[TimeControl "180+1"]
[EndTime "10:26:49 PST"]
[Termination "MartinMatthiesen won by checkmate"]

1. e4 c6 2. d4 d5 3. exd5 cxd5 4.
c4 Nf6 5. Nc3 Nc6 6. Nf3 Bg4 7.
Bg5 e6 8. cxd5 exd5 9. Qe2+ Be7 10. Bxf6 gxf6 11. O-O-O Qa5 12. Kb1 Bf5+ 13. Ka1 Nb4 14. Ne1 a6 15. Qd2 Rc8 16. Nd3 O-O 17. Be2 Bg6 18.
Rc1 Nxa2 19. Kb1 Bb4 20. Rcd1 Bxc3 21. bxc3 Nxc3+ 22. Kb2 Qa2+ 23. Kc1 Nxe2# 0-1

[Event "*** Titled Tuesday Blitz"]
[Site "Chess.com"]
[Date "2021.02.09"]
[Round "3"]
[White "YIYUKI"]
[Black "sbouchet"]
[Result "0-1"]
[WhiteElo "2161"]
[BlackElo "2341"]
[TimeControl "180+1"]
[EndTime "10:26:52 PST"]
[Termination "sbouchet won by resignation"]

1. d4 Nf6 2. c4 e6 3. Nc3 Bb4 4. e3 Bxc3+ 5. bxc3 b6 6. Bd3 Bb7 7. f3 d5 8. Ne2 O-O 9. O-O c5 10. cxd5 exd5 11. a4 Re8 12. Ra2 Nbd7 13. Ng3 Nf8 14. Re2 Qd7 15. Bb2 Ne6 16. Kh1 Rad8 17. Bb5 Bc6 18. Bxc6 Qxc6 19. e4 cxd4 20. cxd4 Rc8 21. e5 Nf4 22. exf6 Nxe2 23. Nxe2 Qc2 24. Qe1 Qxe2 25. Qg3 0-1

[Event "*** Titled Tuesday Blitz"]
[Site "Chess.com"]
[Date "2021.02.09"]
[Round "3"]
[White "ondoko"]
[Black "profofchess"]
[Result "0-1"]
[WhiteElo "2219"]
[BlackElo "2427"]
[TimeControl "180+1"]
[EndTime "10:26:53 PST"]
[Termination "profofchess won by resignation"]

1. e4 e6 2. d4 d5 3. Nd2 e5 4.
Ngf3 exd4 5. exd5 Nf6 6. Nxd4 Qxd5 7. c3 Nc6 8. N2f3 Nxd4 9. Qxd4 Bg4 10. Qxd5 Nxd5 11.
Be2 O-O-O 12. O-O Re8 13. Bd1 Bc5 14. h3 Bh5 15. Ng5 Bg6 16. Bf3 h6 17. Bxd5 hxg5 18. Bxg5 Re5 19. Bxb7+ Kxb7 20. Bf4 Re4 21. Bg3 Re2 22.
b4 Bd6 23. Bxd6 cxd6 24. Rad1 Kc7 25. Rd4 Rhe8 26. Rfd1 Re1+ 27. Rxe1 Rxe1+ 28. Kh2 Re2 0-1

[Event "*** Titled Tuesday Blitz"]
[Site "Chess.com"]
[Date "2021.02.09"]
[Round "3"]
[White "MatthewG-p4p"]
[Black "dozer80"]
[Result "1-0"]
[WhiteElo "2825"]
[BlackElo "2597"]
[TimeControl "180+1"]
[EndTime "10:26:54 PST"]
[Termination "MatthewG-p4p won by checkmate"]

1. f4 e5 2. fxe5 d6 3. exd6 Bxd6 4. Nf3 g5 5. d3 g4 6. Nd4 Qh4+ 7. g3 Bxg3+ 8. hxg3 Qxh1 9. Bf4 Qd5 10. e3 Nc6 11.
Nc3 Qa5 12. Nb5 Kf8 13. a3 b6 14. Nxc7 Rb8 15. b4 Qf5 16. Qd2 Nge7 17. Bg2 Bb7 18. O-O-O Ne5 19. e4 Qf6 20. Rf1 Nf3 21.
Bxf3 gxf3 22. Rxf3 Kg8 23. Rf2 Ng6 24. N7d5 Bxd5 25.
Bxb8 Qd8 26. Nxd5 Qxb8 27. Qh6 f5 28. Rxf5 Qxg3 29. Ne7+ Nxe7 30. Rf8# 1-0

[Event "*** Titled Tuesday Blitz"]
[Site "Chess.com"]
[Date "2021.02.09"]
[Round "3"]
[White "Artem_Sadovsky"]
[Black "bocah_sakit"]
[Result "0-1"]
[WhiteElo "2537"]
[BlackElo "2839"]
[TimeControl "180+1"]
[EndTime "10:26:54 PST"]
[Termination "bocah_sakit won by resignation"]

1. Nf3 Nf6 2. c4 g6 3. b3 Bg7 4. Bb2 O-O 5. e3 d6 6. Be2 e5 7. O-O Nfd7 8. d4 Nc6 9. dxe5 dxe5 10. Nc3 a5 11. Nd5 Re8 12. e4 Nc5 13. Qc2 Bg4 14. Rad1 Bxf3 15. Bxf3 Nd4 16. Bxd4 exd4 17. Rfe1 Qd6 18.
g3 Rad8 19. Bg2 c6 20. Nf4 d3 21. Qd2 Bd4 22. Kf1 Qf6 23. Qxa5 Ra8 24. e5 Qxf4 25.
gxf4 Rxa5 26. b4 Rxa2 27. bxc5 Rxf2+ 28. Kg1 Rxf4+ 29. Kh1 Bxc5 30. Rxd3 Rxc4 31. Ree3 0-1

[Event "*** Titled Tuesday Blitz"]
[Site "Chess.com"]
[Date "2021.02.09"]
[Round "3"]
[White "beto-betun"]
[Black "ChelsieMonica"]
[Result "1/2-1/2"]
[WhiteElo "2185"]
[BlackElo "2343"]
[TimeControl "180+1"]
[EndTime "10:26:57 PST"]
[Termination "Game drawn by repetition"]

1. d4 Nf6 2. Nf3 e6 3. g3 c5 4. Bg2 cxd4 5. Nxd4 Be7 6. O-O O-O 7. c4 Nc6 8. b3 e5 9. Nf5 d6 10. Nxe7+ Qxe7 11.
Bb2 Be6 12. Nc3 Rfd8 13. Nd5 Bxd5 14. cxd5 Nb4 15. a3 Na6 16. b4 Rac8 17. e4 Nb8 18. Qd2 Rc7 19. Rac1 Rdc8 20. Rxc7 Qxc7 21. Rc1 Qd7 22.
Rxc8+ Qxc8 23. Qc3 Qxc3 24. Bxc3 Kf8 25. h3 Ke7 26. Kf1 Nfd7 27. Ke2 a6 28. Kd3 b5 29. f4 f6 30. f5 Nb6 31. Bb2 Nc4 32. Bc1 Nd7 33. g4 Ndb6 34. h4 Na4 35. g5 Nab2+ 36. Kc2 Na4 37. Kd3 Nab6 38. h5 Kf7 39. g6+ hxg6 40.
hxg6+ Ke7 41. Bf1 Kf8 42. Kc3 Ke7 43. Bxc4 Nxc4 44. Kd3 Kf8 45. Kc3 Ke7 46. Kd3 Nb6 47. Kc3 Na4+ 48. Kd3 Ke8 49. Kc2 Nb6 50. Kc3 Nc4 51.
Kd3 Nb6 52. Kc3 Nc4 53. Kd3 Nb6 54. Kc3 1/2-1/2

[Event "*** Titled Tuesday Blitz"]
[Site "Chess.com"]
[Date "2021.02.09"]
[Round "3"]
[White "RD4ever"]
[Black "biostatistician"]
[Result "1-0"]
[WhiteElo "2849"]
[BlackElo "2620"]
[TimeControl "180+1"]
[EndTime "10:27:03 PST"]
[Termination "RD4ever won by resignation"]

1. d4 d6 2. e4 Nf6 3. Nc3 c6 4. f4 Qa5 5. e5 Ne4 6. Qf3 Nxc3 7. Bd2 Bf5 8. Bd3 Bxd3 9. cxd3 Qd5 10. bxc3 Qxf3 11.
Nxf3 Nd7 12. Ke2 e6 13. Rhb1 b6 14. a4 Be7 15. a5 O-O 16. c4 Rfb8 17. g4 d5 18. Rc1 Rc8 19. cxd5 cxd5 20. Rxc8+ Rxc8 21. axb6 axb6 22. Ra7 Rd8 23. f5 Kf8 24. fxe6 fxe6 25. Ng5 Bxg5 26. Bxg5 Ke8 27. Bxd8 Kxd8 28. Kd2 h6 29.
Kc3 g6 30. Kb4 h5 31. g5 1-0

[Event "*** Titled Tuesday Blitz"]
[Site "Chess.com"]
[Date "2021.02.09"]
[Round "3"]
[White "LenkaPtacnikova"]
[Black "semchik73"]
[Result "0-1"]
[WhiteElo "2161"]
[BlackElo "2346"]
[TimeControl "180+1"]
[EndTime "10:27:10 PST"]
[Termination "semchik73 won by resignation"]

1. c4 e5 2. g3 Nf6 3. Bg2 d5 4. cxd5 Nxd5 5. Nf3 Nc6 6. O-O Be7 7. d4 e4 8. Ne5 f5 9. Nxc6 bxc6 10. Qc2 O-O 11.
Qxc6 Nb4 12. Qc3 Ba6 13. Re1 Rb8 14. a3 Nd5 15. Qc2 c5 16. dxc5 Bf6 17. Nd2 e3 18. Nf3 exf2+ 19. Kxf2 Re8 20. Rb1 Qe7 21. Bd2 Bxe2 22.
Bf1 Ne3 23. Qc1 Ng4+ 24. Kg1 Bxf3 25. Rxe7 Bd4+ 26. Be3 Nxe3 27. Rxe8+ Rxe8 28. h3 Ng4+ 0-1

[Event "*** Titled Tuesday Blitz"]
[Site "Chess.com"]
[Date "2021.02.09"]
[Round "3"]
[White "zacachess"]
[Black "ecwinslow"]
[Result "0-1"]
[WhiteElo "2430"]
[BlackElo "2265"]
[TimeControl "180+1"]
[EndTime "10:27:12 PST"]
[Termination "ecwinslow won on time"]

1. e4 c5 2. Nf3 d6 3. d4 cxd4 4. Nxd4 Nf6 5. Nc3 g6 6. Be3 Bg7 7. Be2 O-O 8. Nb3 Nc6 9. f4 a5 10. a4 Be6 11. O-O Rc8 12. Nd4 Nxd4 13. Bxd4 Bc4 14. Bd3 Re8 15. Qe2 e5 16. fxe5 Bxd3 17. cxd3 dxe5 18. Be3 Nh5 19. Nd5 Re6 20. Qf2 Qe8 21.
Rac1 Rec6 22. Rc3 Nf4 0-1

[Event "*** Titled Tuesday Blitz"]
[Site "Chess.com"]
[Date "2021.02.09"]
[Round "3"]
[White "LawrenceTrent"]
[Black "Keranke"]
[Result "1-0"]
[WhiteElo "2612"]
[BlackElo "2804"]
[TimeControl "180+1"]
[EndTime "10:27:17 PST"]
[Termination "LawrenceTrent won by resignation"]

1. e4 g6 2. d4 Bg7 3. Nc3 d6 4. Bg5 Nc6 5. Nge2 h6 6. Bh4 Nf6 7. f3 e5 8. dxe5 Nxe5 9. Nd4 c6 10. Be2 Qb6 11. Nb3 Qc7 12. Qd2 Be6 13. O-O-O Rd8 14.
f4 Nc4 15. Bxc4 Bxc4 16. e5 Nd5 17. Nxd5 cxd5 18. Bxd8 Kxd8 19. Qb4 dxe5 20. Nc5 Kc8 21. b3 Bf8 22. bxc4 Bxc5 23. Qb5 a6 24. Qa4 dxc4 25.
fxe5 Be3+ 26. Kb2 Qxe5+ 27. c3 Kb8 28. Rhe1 Rc8 29. Qd7 f5 30. Qd6+ Qxd6 31. Rxd6 Bf4 32. Rxg6 Bxh2 33. Rxh6 Bg3 34. Re7 Rc5 35. a4 Bc7 36.
Rh8+ Ka7 37. Rhh7 Kb6 38. a5+ 1-0

[Event "*** Titled Tuesday Blitz"]
[Site "Chess.com"]
[Date "2021.02.09"]
[Round "3"]
[White "federicosellitti"]
[Black "paulrusan"]
[Result "1-0"]
[WhiteElo "2441"]
[BlackElo "2229"]
[TimeControl "180+1"]
[EndTime "10:27:17 PST"]
[Termination "federicosellitti won by checkmate"]

1. e4 c5 2. Nc3 e6 3. g3 a6 4. Bg2 Nc6 5. d3 Nf6 6. Nge2 d6 7. O-O Be7 8. h3 h5 9. Be3 Qc7 10. d4 cxd4 11. Nxd4 Bd7 12. a4 Nxd4 13. Bxd4 Bc6 14.
a5 O-O 15. f4 e5 16. Bb6 Qb8 17. f5 Rc8 18. g4 hxg4 19. hxg4 Bd8 20. g5 Bxb6+ 21.
axb6 Nd7 22. Qh5 Rf8 23. Rf3 Re8 24. g6 Re7 25. Qh7+ Kf8 26. Qh8# 1-0